 Dungeon Crawl Stone Soup version 0.29.0-4-gdea44cf6ec (webtiles) character file.

Game seed: 16482719438301295138

94 qw the Chopper (level 4, -3/28 HPs)
             Began as a Gargoyle Fighter on Sept 8, 2022.
             Slain by Natasha (6 damage)
             ... on level 2 of the Dungeon.
             The game lasted 00:00:48 (1764 turns).

qw the Chopper (Gargoyle Fighter)                   Turns: 1764, Time: 00:00:48

Health: -3/28      AC: 10    Str: 21    XL:     4   Next: 63%
Magic:  4/4        EV:  6    Int:  9    God:
Gold:   73         SH:  4    Dex:  9    Spells: 3/3 levels left

rFire   . . .      SeeInvis .   Y - +0 war axe
rCold   . . .      Faith    .   c - +0 buckler
rNeg    + . .      Spirit   .   b - +0 scale mail
rPois   inf        Reflect  .   (no helmet)
rElec   +          Harm     .   (no cloak)
rCorr   .          Rampage  .   (no gloves)
Will    .....                   (no boots)
Stlth   ..........              (no amulet)
HPRegen 0.09/turn               (no ring)
MPRegen 0.09/turn               (no ring)

@: grasped by roots, constricted
A: sickness immunity, AC +3, negative energy resistance 1, electricity
resistance, torment resistance 1, petrification resistance
a: no special abilities


You were on level 2 of the Dungeon.
You visited 1 branch of the dungeon, and saw 2 of its levels.

You collected 106 gold pieces.
You spent 33 gold pieces at shops.


Innate Abilities, Weirdness & Mutations

You are immune to sickness and miasma.
Your stone body is resilient. (AC +3)
You are immune to poison.
You resist negative energy. (rN+)
You are resistant to electric shocks. (rElec)
You are resistant to unholy torment.
You are immune to petrification.


   Skills:
 - Level 3.2 Fighting
 + Level 4.3 Axes
 - Level 3.2 Armour
 - Level 3.2 Shields


You had 3 spell levels left.
You didn't know any spells.
Your spell library was empty.

Inventory:

Hand Weapons
 j - a +0 flail
 Y - a +0 war axe (weapon)
Armour
 b - a +0 scale mail (worn)
 c - a +0 buckler (worn)
Scrolls
 a - a scroll of identify {unknown}
Potions
 d - a potion of might
 e - 5 potions of curing
 h - a potion of berserk rage {unknown}

Dungeon Overview and Level Annotations

Branches:
Dungeon (2/15)

Altars:

Shops:
D:1 (

Annotations:
D:2 Natasha


Message History

Natasha casts a spell.
You completely miss Natasha.
Natasha is severely wounded.
Natasha barely misses you.
You barely miss Natasha.
Natasha is severely wounded.
Natasha closely misses you.
You completely miss Natasha.
Natasha is severely wounded.
You barely miss the shadow imp.
The shadow imp hits you but does no damage.
Natasha closely misses you. Natasha claws you.
The shadow imp barely misses you.
You hit Natasha.
Natasha is severely wounded.
You barely miss the shadow imp.
The shadow imp hits you but does no damage.
Natasha claws you!
You closely miss Natasha.
Natasha is severely wounded.
You hit the shadow imp but do no damage.
The shadow imp closely misses you. Natasha claws you!
You closely miss Natasha.
Natasha is severely wounded.
You hit the shadow imp but do no damage.
The shadow imp barely misses you. Natasha closely misses you.
Natasha claws you.
The shadow imp shouts, "Fly, thou fobbing moon-mazed minnow reeky!"
The shadow imp closely misses you.
You barely miss Natasha.
Natasha is severely wounded.
You hit the shadow imp.
The shadow imp hits you but does no damage.
Natasha zaps a wand.
The roots erupt in riotous growth!
The grasping roots grab you!
The shadow imp is unaffected.
Natasha is unaffected.
The grasping roots constrict you.
You miss Natasha.
Natasha is severely wounded.
You hit the shadow imp. You block the shadow imp's attack. Natasha claws you.
You die...

............# ##
............# ..
............# ##### ...
............# #...# ...
............# #...# ...
............####...# ...
...........)#..'...# ...
###.....5h..#.##...# ..
#######@###'##...# ..
#....%........# ..
#.............# ##
#.............#
#..........<.########
#....................
#....................
#..........#.........
########..........'.........


You could see Natasha and a shadow imp (summoned).

Vanquished Creatures
  Natasha (D:2)
  An adder (D:2)
  A gnoll (D:1)
  A worm (D:2)
  2 dart slugs (D:1)
  3 ball pythons
  6 endoplasms
  2 giant cockroaches (D:1)
  5 hobgoblins
  5 kobolds
  3 quokkas
  7 bats
  2 goblins (D:1)
  2 rats
41 creatures vanquished.

Vanquished Creatures (others)
  A bat (D:1)
  A plant (D:1)
2 creatures vanquished.

Grand Total: 43 creatures vanquished

Notes
Turn   | Place    | Note
-------+----------+-------------------------------------------
     0 | D:1      | qw the Gargoyle Fighter began the quest for the Orb.
     0 | D:1      | Reached XP level 1. HP: 14/14 MP: 1/1
     0 | D:1      | 0 ||| qw: Version: 0.1-a-112-g44dc6cd
     0 | D:1      | 0 ||| qw: Game counter: 6720
     0 | D:1      | 0 ||| qw: Always use a shield: true
     0 | D:1      | 0 ||| qw: God list: Okawaru
     0 | D:1      | 0 ||| qw: Allow faded altars: false
     0 | D:1      | 0 ||| qw: Do Orc after D:15 true
     0 | D:1      | 0 ||| qw: Do second Lair branch before Depths: true
     0 | D:1      | 0 ||| qw: Lair rune preference: random
     0 | D:1      | 0 ||| qw: Plans: Normal, Zot, God:TSO, Crypt, Tomb, Zig,
                  | Orb
     0 | D:1      | 0 ||| PLANNING D:1-11
    41 | D:1      | Reached skill level 2 in Axes
   110 | D:1      | 110 ||| Stepping ~*~*~tactically~*~*~ (stealth).
   112 | D:1      | 112 ||| Stepping ~*~*~tactically~*~*~ (stealth).
   122 | D:1      | Reached XP level 2. HP: 15/19 MP: 2/2
   165 | D:1      | 165 ||| Stepping ~*~*~tactically~*~*~ (stealth).
   294 | D:1      | 294 ||| Stepping ~*~*~tactically~*~*~ (stealth).
   298 | D:1      | 298 ||| Stepping ~*~*~tactically~*~*~ (stealth).
   300 | D:1      | 300 ||| Stepping ~*~*~tactically~*~*~ (stealth).
   301 | D:1      | 301 ||| Stepping ~*~*~tactically~*~*~ (stealth).
   393 | D:1      | 393 ||| Stepping ~*~*~tactically~*~*~ (stealth).
   396 | D:1      | 396 ||| Stepping ~*~*~tactically~*~*~ (stealth).
   407 | D:1      | 407 ||| Stepping ~*~*~tactically~*~*~ (stealth).
   412 | D:1      | 412 ||| Stepping ~*~*~tactically~*~*~ (stealth).
   419 | D:1      | Reached skill level 3 in Axes
   592 | D:1      | Reached XP level 3. HP: 23/23 MP: 3/3
   640 | D:1      | Found Gogurghi's Weapon Boutique.
   728 | D:1      | 728 ||| BUYING +0 mace (33 gold).
   728 | D:1      | Bought a +0 mace for 33 gold pieces
   728 | D:1      | 728 ||| DROPPING +0 club.
  1212 | D:1      | 1212 ||| DROPPING +0 mace.
  1213 | D:1      | 1213 ||| READING scroll labelled TICORO ZUOJAT.
  1214 | D:1      | 1214 ||| READING scroll labelled IJUAFEUN FIRPH.
  1215 | D:1      | 1215 ||| DRINKING 4 white potions.
  1344 | D:2      | 1344 ||| Stepping ~*~*~tactically~*~*~ (stealth).
  1382 | D:2      | Reached XP level 4. HP: 27/28 MP: 4/4
  1550 | D:2      | Noticed Natasha
  1557 | D:2      | Killed Natasha
  1558 | D:2      | Reached skill level 4 in Axes
  1747 | D:2      | Noticed Natasha
  1748 | D:2      | 1748 ||| Stepping ~*~*~tactically~*~*~ (hiding).
  1763 | D:2      | HP: 3/28 [constriction (5)]
  1764 | D:2      | Slain by Natasha

Levels and vault maps discovered:
D:1:      denvon_arrival_planthouse, layout_basic, serial_shops,
          nicolae_shop_bloodbath_and_beyond, minivault_4, lemuel_old_faithful
D:2:      layout_basic, uniq_natasha

Skill      XL: |  1  2  3  4 |
---------------+-------------+-----
Axes           | 2 3 4 |  4.3
Fighting       | |  3.2
Armour         | |  3.2
Shields        | |  3.2

Action                   |  1- 3 |  4- 6 || total
-------------------------+-------+-------++-------
Melee: War axe           |   100 |    41 ||   141
  Use: Scroll            |     2 |       ||     2
       Potion            |     1 |       ||     1
Armor: Scale mail        |    63 |    18 ||    81
Dodge: Dodged            |    50 |    21 ||    71
Block: Buckler           |    22 |     5 ||    27

Table legend:
 A = Non-vault XP
 B = Vault XP
 C = Vault XP percentage of total XP
 D = Non-vault monster count
 E = Vault monster count
 F = Vault count percentage of total count
                 A         B        C        D         E       F
            +---------+---------+-------+---------+---------+-------
      Total |     100 |      35 |  25.9 |      40 |       1 |   2.4
            +---------+---------+-------+---------+---------+-------
        D:1 |      62 |       0 |   0.0 |      26 |       0 |   0.0
        D:2 |      38 |      35 |  47.9 |      14 |       1 |   6.7
            +---------+---------+-------+---------+---------+-------
